 Dungeon Crawl Stone Soup version 0.27-a0-951-gae3e1deef5 (webtiles) character file.

Game seed: 7892634543661283793

99 Mesmaeker13 the Grave Robber (level 4, -1/30 HPs)
             Began as a Mummy Necromancer on Apr 11, 2021.
             Slain by a gnoll
             ... wielding a +0 flail
              (5 damage)
             ... on level 2 of the Dungeon.
             The game lasted 00:02:56 (2549 turns).

Mesmaeker13 the Grave Robber (Mummy Necromancer)    Turns: 2549, Time: 00:02:56

Health: -1/30      AC:  3    Str: 11    XL:     4   Next: 45%
Magic:  8/10       EV: 12    Int: 15    God:
Gold:   75         SH:  0    Dex: 12    Spells: 7/11 levels left

rFire    x . .     SeeInvis .   d - +0 short sword
rCold    + . .     Faith    .   (no shield)
rNeg     + + +     Spirit   .   a - +0 robe
rPois    ∞         Reflect  .   (no helmet)
rElec    .         Harm     .   (no cloak)
rCorr    +         Rampage  .   (no gloves)
Will     .....                  i - +0 pair of boots
Stlth    ++........             (no amulet)
HPRegen  0.10/turn              j - ring of wizardry
MPRegen  0.12/turn              k - ring of resist corrosion

@: no status effects
A: cold resistance 1, negative energy resistance 3, torment resistance 2,
unbreathing 1, heat vulnerability 1, no potions
a: no special abilities


You were on level 2 of the Dungeon.
You visited 1 branch of the dungeon, and saw 3 of its levels.

You collected 75 gold pieces.

Inventory:

Hand Weapons
 d - a +0 short sword (weapon)
Missiles
 l - 6 javelins
Armour
 a - a +0 robe (worn)
 i - a +0 pair of boots (worn)
Jewellery
 j - a ring of wizardry (left hand)
 k - a ring of resist corrosion (right hand)
Wands
 b - a wand of flame (16)
Scrolls
 c - a scroll of fear {unknown}
 e - a scroll of noise {unknown}
 f - a scroll of fog
 g - a scroll of enchant weapon {unknown}
 h - a scroll of silence {unknown}


   Skills:
 + Level 2.5 Dodging
 - Level 1.5 Stealth
 + Level 4.0 Spellcasting
 + Level 4.7 Necromancy


You had 7 spell levels left.
You knew the following spells:

 Your Spells              Type           Power      Damage    Failure   Level
a - Pain                  Necr           68%        1d7       1%          1
b - Vampiric Draining     Necr           8%         2d7       3%          3

Your spell library contained the following spells:

 Spells                   Type           Power      Damage    Failure   Level
 Animate Skeleton         Necr           34%        N/A       1%          1
 Apportation              Tloc           6%         N/A       8%          1
 Corona                   Hex            3%         N/A       8%          1
 Magic Dart               Conj           12%        1d3       8%          1
 Summon Small Mammal      Summ           12%        N/A       8%          1
 Blink                    Tloc           N/A        N/A       11%         2
 Call Imp                 Summ           3%         N/A       11%         2
 Slow                     Hex            3%         N/A       11%         2
 Animate Dead             Necr           8%         N/A       11%         4
 Conjure Flame            Conj/Fire      3%         6-21      21%         3
 Mephitic Cloud           Conj/Pois/Air  3%         N/A       21%         3
 Agony                    Necr           17%        N/A       28%         5


Dungeon Overview and Level Annotations

Branches:
Dungeon (3/15)

Altars:


Innate Abilities, Weirdness & Mutations

You are immune to poison.
Your flesh is cold resistant. (rC+)
You are immune to negative energy. (rN+++)
You are immune to unholy pain and torment.
You can survive without breathing.
You are vulnerable to heat. (rF-)
You do not drink.


Message History

Aiming: Throw Flame
Press: ? - help, Shift-Dir - straight line
Okay, then.
Hit: d) +0 short sword
Press: ? - help, Dir - move target
Okay, then.
You don't have any such object.
Evoke which item? (* to show all) (? for menu, Esc to quit)
You don't have any such object.
Evoke which item? (* to show all) (? for menu, Esc to quit)
You don't have any such object.
Evoke which item? (* to show all) (? for menu, Esc to quit)
You don't have any such object.
Evoke which item? (* to show all) (? for menu, Esc to quit)
You don't have any such object.
Evoke which item? (* to show all) (? for menu, Esc to quit)
You don't have any such object.
Evoke which item? (* to show all) (? for menu, Esc to quit)
Okay, then.
Aiming: Throw Flame
Press: ? - help, Shift-Dir - straight line, f - gnoll
Aim: a gnoll, wielding a +0 flail (28% to evade)
The puff of flame hits the gnoll.
The gnoll is lightly wounded.
The gnoll hits you with a +0 flail.
Unknown command.
Casting: Pain (safe; 1% risk of failure)
Confirm with . or Enter, or press ? or * to list all spells.
Aiming: Pain (safe; 1% risk of failure)
Press: ? - help, Shift-Dir - straight line, f/p - gnoll
Aim: a gnoll, wielding a +0 flail (lightly wounded, chance to affect: 82%)
The gnoll writhes in agony!
The gnoll hits you with a +0 flail!
* * * LOW HITPOINT WARNING * * *
Casting: Pain (safe; 1% risk of failure)
Confirm with . or Enter, or press ? or * to list all spells.
Aiming: Pain (safe; 1% risk of failure)
Press: ? - help, Shift-Dir - straight line, f/p - gnoll
Aim: a gnoll, wielding a +0 flail (severely wounded, chance to affect: 82%)
The gnoll writhes in agony.
The gnoll hits you with a +0 flail.
You die...

####### ####...... ##.##..)>..
##### #..##...... #...#
##..##...... #...#
#########>..##...... #...#
#..@g.......##...... ### #...#
#.####....####...... ..# #...#
#.##....######.##.## ..# #...#
#....##.##.....##.## ..# #...#
##...##........##..# ..# #...#
#...##.#.....<....#
..######<..####......#.###..##..#
...........##...##...#.###.####..
..###...#..#..#.#.<#.....(.# #.#


You could see a gnoll.

Vanquished Creatures
  Jessica (D:2)
  A gnoll (D:3)
  2 adders
  An adder skeleton (D:3)
  3 ball pythons
  7 bats
  5 endoplasms
  2 giant cockroaches (D:1)
  4 goblins
  5 jackals
  4 kobolds
  4 rats
39 creatures vanquished.

Notes
Turn   | Place    | Note
-------+----------+-------------------------------------------
     0 | D:1      | Mesmaeker13 the Mummy Necromancer began the quest for the
                  | Orb.
     0 | D:1      | Reached XP level 1. HP: 13/13 MP: 4/4
   467 | D:1      | Reached XP level 2. HP: 19/19 MP: 3/6
   852 | D:2      | Noticed Jessica
   856 | D:2      | Killed Jessica
   857 | D:2      | Reached XP level 3. HP: 24/24 MP: 3/7
  1615 | D:3      | Learned a level 3 spell: Vampiric Draining
  1682 | D:3      | Reached XP level 4. HP: 30/30 MP: 6/9
  1896 | D:3      | Found a faded altar of an unknown god.
  2549 | D:2      | Slain by a gnoll

Illustrated notes

Levels and vault maps discovered:
D:1:      psy_arrival_basics, layout_basic
D:2:      layout_rooms, uniq_jessica
D:3:      layout_loops_ring, chequers_ecumenical_altar_simple_redux

Skill      XL: |  1  2  3  4 |
---------------+-------------+-----
Spellcasting   | 3 4 |  4.0
Dodging        | 2 |  2.5
Stealth        | |  1.5
Necromancy     | |  4.7

Action                   |  1- 3 |  4- 6 || total
-------------------------+-------+-------++-------
Melee: Short sword       |     8 |     5 ||    13
 Cast: Pain              |    54 |    24 ||    78
Evoke: Wand              |       |     2 ||     2
  Use: Scroll            |     1 |       ||     1
Armor: Robe              |     8 |     3 ||    11
Dodge: Dodged            |    27 |     4 ||    31

Table legend: (Time is in decaauts)
 A = Elapsed time spent in this place.
 B = Non-inter-level travel time spent in this place.
 C = Inter-level travel time spent in this place.
 D = Time resting spent in this place.
 E = Time spent auto-exploring this place.
 F = Levels seen in this place.
 G = Mean time per level.
                   A        B        C        D        E       F      G
               +--------+--------+--------+--------+--------+-----+--------+
         Total |   2549 |   2442 |    107 |    684 |   1468 |   3 |  849.7 |
       Dungeon |   2549 |   2442 |    107 |    684 |   1468 |   3 |  849.7 |
               +--------+--------+--------+--------+--------+-----+--------+

Top non-repeatable levels by time:
     D:3: 931 daAuts
     D:1: 884 daAuts
     D:2: 734 daAuts
